AoeStats
← Reaper

Migration

508688202Analyzed
1v1 RM · 9d ago on Sep 23, 2026· 50m 53s· 2 players
Game mode
Random Map
Map size
132×132
Population
200
Speed
Normal
Resources
Standard
Victory
Conquest
Starting age
Dark Age
Ending age
Imperial Age
RankedLock teamsTeams togetherTeam positionsShared explorationLock speedFull tech treeHidden civsTurbo modeCheats
Victory
Defeat
🇨🇴 Saracens · Colombia
769
+14
🇺🇦 Varangians · Ukraine
730
-31
Reaper
11:01 Feudal Age
11:34 Double-Bit Axe
11:31 Horse Collar
13:24 Wheelbarrow
12:47 Fishing Lines
15:46 Gold Mining
22:18 Castle Age
21:49 Forging
23:38 Hand Cart
24:02 Scale Mail Armor
24:49 Iron Casting
24:30 Bow Saw
24:57 Heavy Plow
26:11 Town Watch
27:53 Gillnets
28:42 Husbandry
29:40 Chain Mail Armor
29:32 Scale Barding Armor
31:25 Stone Mining
33:34 Vendel Legacy
34:39 Chain Barding Armor
45:08 Imperial Age
42:40 Fletching
42:50 Padded Archer Armor
47:34 Elite Longship
49:32 Plate Mail Armor
49:48 Pikeman
50:28 Squires
Jogonva
3:08 Loom
10:30 Feudal Age
14:23 Double-Bit Axe
17:21 Horse Collar
21:00 Castle Age
19:16 Gold Mining
21:30 Scale Barding Armor
21:36 Forging
21:22 Stone Mining
22:10 Heavy Plow
23:45 Medium Warships
25:11 Wheelbarrow
25:19 Iron Casting
25:17 Fletching
25:31 Fletching
26:42 Fishing Lines
28:02 Bloodlines
30:32 Bow Saw
30:39 Husbandry
32:24 Bodkin Arrow
36:46 Imperial Age
35:53 Hand Cart
36:18 Town Watch
37:36 Ballistics
37:48 Ballistics
38:32 Chemistry
37:53 Ballistics
37:37 Bracer
37:40 Padded Archer Armor
38:23 Heavy Warships
39:30 Gold Shaft Mining
40:28 Two-Man Saw
40:01 Chain Barding Armor
40:47 Blast Furnace
40:03 Leather Archer Armor
41:11 Town Patrol
43:21 Elite Cannon Galleon
44:52 Conscription
43:54 Elite Mameluke
49:25 Plate Barding Armor
49:21 Ring Archer Armor
49:58 Hoardings
51:05 Bimaristan
Connection lost

Rejoining the realm…

Still unreachable

The connection could not be restored.

Session expired

The server has moved on; the page needs a fresh start.